 Dungeon Crawl Stone Soup version 0.18-a0-1195-g77a4f03 (webtiles) character file.

1523 Lathuz the Cleaver (level 8, -6/64 HPs)
             Began as a Minotaur Berserker on Jan 29, 2016.
             Was a Priest of Trog.
             Killed by nerve-wracking pain
             ... invoked by Grinder
              (13 damage)
             ... on level 6 of the Dungeon.
             The game lasted 00:13:32 (5552 turns).

Lathuz the Cleaver (Minotaur Berserker)             Turns: 5552, Time: 00:13:32

Health: -6/64      AC: 12    Str: 22    XL:     8   Next: 54%
Magic:  7/7        EV:  7    Int:  4    God:    Trog [***...]
Gold:   169        SH:  0    Dex: 12    Spells: 0 memorised, 7 levels left

rFire  . . .     SeeInvis .     a - +0 hand axe
rCold  . . .     Gourm    .     E - +0 plate armour
rNeg   . . .     Faith    .     (no shield)
rPois  +         Spirit   .     (helmet restricted)
rElec  .         Dismiss  .     x - +0 cloak
rCorr  .         Reflect  .     (no gloves)
SustAt +         Harm     .     (no boots)
MR     .....                    (no amulet)
Stlth  ..........               r - ring of sustain attributes
                                f - ring of poison resistance

@: exhausted, slowed, very slow, not resistant to hostile enchantments,
extremely unstealthy
A: retaliatory headbutt, horns 2
a: Berserk, Trog's Hand, Burn Spellbooks, Renounce Religion


You were on level 6 of the Dungeon.
You worshipped Trog.
Trog was most pleased with you.
You were near starving.

You visited 1 branch of the dungeon, and saw 6 of its levels.

You collected 325 gold pieces.
You spent 156 gold pieces at shops.

Inventory:

Hand Weapons
 a - a +0 hand axe (weapon)
Missiles
 i - 188 stones (quivered)
Armour
 x - a +0 cloak (worn)
 E - a +0 plate armour (worn)
Jewellery
 f - a ring of poison resistance (left hand)
 r - a ring of sustain attributes (right hand)
Wands
 u - a wand of teleportation (6/9)
 y - a wand of flame (19/48)
 C - a wand of polymorph (5/24)
Scrolls
 d - a scroll of enchant weapon {unknown}
 k - a scroll of recharging {unknown}
 n - 4 scrolls of identify
 o - 3 scrolls of blinking {unknown}
 t - 3 scrolls of teleportation {unknown}
 v - 2 scrolls of magic mapping {unknown}
 w - 2 scrolls of remove curse
 H - a scroll of noise {unknown}
Potions
 b - 6 potions of curing
 g - 2 potions of flight {unknown}
 h - 2 potions of ambrosia {unknown}
 j - a potion of cancellation {unknown}
 l - a potion of invisibility {unknown}
 m - a potion of haste {unknown}
 p - 2 potions of poison {unknown}
 q - 2 potions of heal wounds
 s - a potion of might {unknown}
 z - a potion of mutation {unknown}
 A - 2 potions of lignification {unknown}
 D - 2 potions of agility
 F - a potion of berserk rage {unknown}
 G - a potion of cure mutation {unknown}
Books
 e - a Young Poisoner's Handbook

   Spells                             Type                      Level
   a - Sting                          Conjuration/Poison           1
   b - Cure Poison                    Poison                       2
   c - Mephitic Cloud                 Conjuration/Poison/Air       3
   d - Olgreb's Toxic Radiance        Poison                       4
   e - Venom Bolt                     Conjuration/Poison           5
   Trog disapproves of the use of such an item.
Comestibles
 c - 3 bread rations
 B - 8 fruits
 I - 12 chunks of flesh


   Skills:
 - Level 3.6 Fighting
 * Level 12.7 Axes
 - Level 1.3 Throwing
 - Level 2.4 Armour
 - Level 2.1 Dodging


You had 7 spell levels left.
You didn't know any spells.

Dungeon Overview and Level Annotations

Branches:
Dungeon (6/15)             Temple (0/1) D:6

Altars:
Ashenzari
Elyvilon
Fedhas
Nemelex Xobeh
Vehumet
Xom
The Shining One

Shops:
D:4 !

Annotations:
D:2 Natasha
D:6 Grinder


Innate Abilities, Weirdness & Mutations

You reflexively headbutt those who attack you in melee.
You have a pair of horns on your head.


Message History

You see here a stone.
Grinder gestures at you. Pain shoots through your body!
The orc wizard gestures at you while chanting.
You feel as though you will be slow longer.
The orc throws an exploding tomahawk.
The exploding tomahawk hits you but does no damage.
The exploding tomahawk explodes!
The explosion of tomahawk fragments engulfs you!
Grinder gestures at you. Pain shoots through your body!
* * * LOW HITPOINT WARNING * * *
The orc throws an exploding tomahawk.
The exploding tomahawk hits you but does no damage.
The exploding tomahawk explodes!
The explosion of tomahawk fragments engulfs you!
You hear a shout! x2
Grinder gestures at you. Pain shoots through your body!
You die...

..............#
..............#
..............##
..............#.
..............#.
..............#.
#####.######..#(## #.#
#..#(.### ###.### #..#.@..#
###'### #..#....##
####⌠.⌠#####..#.....#
...'.>.+......##5(..#
####⌠.⌠#####..##.†).#
###+### #..####).# ###.###
#..#####(###### #.#
#........o......
#####.######............o..


You could see Grinder and an orc.

Vanquished Creatures
  The ghost of Silkki the Skirmisher, a novice GrFi of Ashenzari (D:5)
  A hungry ghost (D:3)
  Duvessa (D:6)
  An orc warrior (D:6)
  2 ogres
  A centaur (D:5)
  A giant frog (D:6)
  Dowan (D:6)
  6 killer bees (D:6)
  Crazy Yiuf (D:2)
  A giant frog skeleton (D:5)
  Natasha (twice) (D:2)
  2 worker ants
  5 adders
  A shadow imp (D:6)
  An ooze (D:3)
  An adder zombie (D:5)
  3 worms
  4 giant geckos
  8 orcs
  5 giant cockroaches
  13 goblins
  5 hobgoblins
  8 jackals
  8 kobolds
  3 quokkas
  8 bats
  3 giant newts
  A quokka skeleton (D:4)
  A quokka zombie (D:6)
  4 rats
103 creatures vanquished.

Notes
Turn   | Place    | Note
--------------------------------------------------------------
     0 | D:1      | Lathuz the Minotaur Berserker began the quest for the Orb.
     0 | D:1      | Reached XP level 1. HP: 19/19 MP: 0/0
    49 | D:1      | Reached skill level 4 in Axes
   176 | D:1      | Reached XP level 2. HP: 26/26 MP: 1/1
   664 | D:1      | Reached skill level 1 in Throwing
   762 | D:1      | Reached ** piety under Trog
   763 | D:1      | Reached XP level 3. HP: 28/31 MP: 2/2
  1481 | D:2      | Reached skill level 5 in Axes
  1709 | D:2      | Noticed Natasha
  1720 | D:2      | Killed Natasha
  1720 | D:2      | Reached XP level 4. HP: 39/39 MP: 3/3
  2128 | D:2      | Noticed Crazy Yiuf
  2137 | D:2      | Killed Crazy Yiuf
  2137 | D:2      | Reached skill level 6 in Axes
  2327 | D:2      | Noticed Natasha
  2334 | D:2      | Killed Natasha
  2334 | D:2      | Reached XP level 5. HP: 45/45 MP: 4/4
  2415 | D:2      | Found a glowing golden altar of the Shining One.
  2458 | D:2      | Noticed Natasha
  2890 | D:3      | Found a radiant altar of Vehumet.
  3086 | D:3      | Noticed a hungry ghost
  3098 | D:3      | Killed a hungry ghost
  3098 | D:3      | Reached skill level 8 in Axes
  3098 | D:3      | Reached XP level 6. HP: 31/51 MP: 5/5
  3318 | D:3      | Reached *** piety under Trog
  3911 | D:4      | Found a blossoming altar of Fedhas.
  3992 | D:4      | Found Rishyinkyano's Distillery.
  3995 | D:4      | Bought a potion of curing for 39 gold pieces
  3995 | D:4      | Bought a potion of heal wounds for 65 gold pieces
  3995 | D:4      | Bought a potion of agility for 52 gold pieces
  4265 | D:5      | Entered Level 5 of the Dungeon
  4279 | D:5      | Noticed Silkki's ghost (novice GrFi)
  4289 | D:5      | Killed Silkki's ghost
  4289 | D:5      | Reached skill level 9 in Axes
  4289 | D:5      | Reached XP level 7. HP: 55/57 MP: 6/6
  4447 | D:5      | Found a white marble altar of Elyvilon.
  4466 | D:5      | Found a sparkling altar of Nemelex Xobeh.
  4679 | D:5      | Found a shimmering altar of Xom.
  4716 | D:5      | Reached skill level 10 in Axes
  5117 | D:6      | Found a staircase to the Ecumenical Temple.
  5178 | D:6      | Found a shattered altar of Ashenzari.
  5193 | D:6      | Found a white marble altar of Elyvilon.
  5449 | D:6      | Reached skill level 11 in Axes
  5470 | D:6      | Noticed Duvessa
  5471 | D:6      | Noticed Dowan
  5484 | D:6      | Killed Duvessa
  5484 | D:6      | Reached XP level 8. HP: 64/64 MP: 7/7
  5486 | D:6      | Killed Dowan
  5519 | D:6      | Reached skill level 12 in Axes
  5524 | D:6      | Noticed Grinder
  5552 | D:6      | Killed from afar by Grinder

Vault maps used:
D:1:      minmay_arrival_hallway, minmay_strange_pillars
D:2:      nicolae_tso_swordbearing_angel, kennysheep_boxes,
          uniq_crazy_yiuf_cottage, uniq_natasha
D:3:      vehumet_crystals
D:4:      old_standard_altar, serial_shops, shop
D:5:      xom_butterflies, lemuel_doored_altar, first_bread,
          serial_bayou_ford_a, nemelex_deck
D:6:      minmay_opposing_rooms, kennysheep_mini, temple_doors_e, basic_altar,
          uniq_pikel, uniq_grinder, uniq_duvessa

Action                   |  1- 3 |  4- 6 |  7- 9 || total
-------------------------+-------+-------+-------++-------
Melee: Hand axe          |    83 |    87 |    96 ||   266
Throw: Stone             |    87 |    99 |    47 ||   233
Invok: Berserk           |     1 |     3 |     2 ||     6
  Use: Scroll            |       |     6 |       ||     6
       Potion            |       |       |     2 ||     2
  Eat: Chunk             |     2 |     9 |     5 ||    16
       Fruit             |       |     4 |     1 ||     5
